AoeStats
← F4BM4N102030

Arabia

508287998Analyzed
3v3 RM · 10d ago on Sep 21, 2026· 79m 16s· 6 players
Game mode
Random Map
Map size
Normal (6 player)
Population
200
Speed
Normal
Resources
Standard
Victory
Conquest
Starting age
Dark Age
Ending age
Imperial Age
RankedLock teamsTeams togetherTeam positionsShared explorationLock speedFull tech treeHidden civsTurbo modeCheats
Victory
Defeat
🇬🇧 Wei · United Kingdom
1092
+14
🇨🇳 Mongols · China
960
+19
🇬🇧 Poles · United Kingdom
958
+19
🇸🇰 Bulgarians · Slovakia
1195
-23
🇸🇰 Maya · Slovakia
1124
-21
🇸🇰 Huns · Slovakia
787
-8
Monkey87
0:26 Loom
9:51 Feudal Age
10:51 Double-Bit Axe
13:38 Man-at-Arms
15:07 Fletching
15:21 Horse Collar
18:17 Padded Archer Armor
22:04 Castle Age
21:49 Gold Mining
22:13 Crossbowman
23:03 Thumb Ring
22:56 Bodkin Arrow
25:37 Leather Archer Armor
26:39 Forging
27:26 Heavy Plow
29:11 Bow Saw
31:07 Eagle Warrior
32:24 Iron Casting
31:50 Scale Mail Armor
34:03 Ballistics
35:15 Chain Mail Armor
36:18 Wheelbarrow
35:39 Pikeman
39:22 Imperial Age
40:18 Stone Mining
42:59 Chemistry
42:55 Crop Rotation
43:48 Bracer
46:28 Arbalester
50:20 Two-Man Saw
56:23 Blast Furnace
55:54 Plate Mail Armor
55:55 Ring Archer Armor
58:40 Elite Plumed Archer
63:36 Hand Cart
juraj.sebej
6:03 Loom
10:29 Feudal Age
13:46 Double-Bit Axe
16:46 Castle Age
15:51 Forging
16:36 Horse Collar
18:16 Bow Saw
26:39 Wheelbarrow
26:51 Bloodlines
28:16 Husbandry
29:28 Scale Barding Armor
30:06 Hand Cart
31:40 Chain Barding Armor
31:56 Iron Casting
30:58 Light Cavalry
35:31 Imperial Age
34:14 Scale Mail Armor
35:34 Cavalier
37:17 Blast Furnace
36:53 Plate Barding Armor
36:18 Stirrups
36:44 Conscription
35:48 Hussar
41:23 Chain Mail Armor
41:09 Bagains
41:42 Squires
42:45 Pikeman
44:32 Plate Mail Armor
46:29 Caravan
45:54 Halberdier
48:54 Fletching
49:30 Bodkin Arrow
52:59 Bracer
56:12 Elite Konnik
57:36 Padded Archer Armor
63:31 Ballistics
67:12 Heavy Plow
78:07 Chemistry
F4BM4N102030
10:57 Feudal Age
12:59 Double-Bit Axe
18:22 Castle Age
19:04 Light Cavalry
19:55 Bloodlines
20:04 Forging
21:27 Wheelbarrow
21:55 Bow Saw
22:20 Horse Collar
23:39 Scale Barding Armor
24:50 Town Watch
25:31 Hand Cart
25:34 Heavy Plow
29:46 Iron Casting
32:06 Chain Barding Armor
34:48 Imperial Age
33:57 Loom
38:17 Husbandry
43:29 Imperial Age
43:12 Gold Mining
43:12 Stone Mining
43:35 Padded Archer Armor
43:28 Fletching
43:49 Thumb Ring
43:41 Heavy Cavalry Archer
44:46 Parthian Tactics
45:17 Gold Shaft Mining
45:21 Leather Archer Armor
45:06 Bodkin Arrow
47:28 Hussar
50:26 Blast Furnace
50:02 Plate Barding Armor
49:22 Bodkin Arrow
49:50 Cavalier
49:55 Pikeman
50:36 Squires
51:35 Halberdier
ElladanH
5:22 Loom
11:42 Feudal Age
16:25 Castle Age
17:11 Double-Bit Axe
17:07 Horse Collar
18:52 Bow Saw
19:02 Heavy Plow
21:05 Husbandry
24:11 Gold Mining
24:28 Scale Barding Armor
25:06 Bloodlines
26:45 Szlachta Privileges
27:50 Wheelbarrow
27:27 Stone Mining
28:39 Chain Barding Armor
30:13 Hand Cart
35:33 Imperial Age
33:45 Fletching
34:06 Forging
36:07 Cavalier
37:23 Iron Casting
38:08 Light Cavalry
39:54 Town Watch
41:52 Blast Furnace
41:27 Winged Hussar
43:46 Conscription
44:51 Crop Rotation
50:02 Bodkin Arrow
Freneticness
8:11 Loom
10:24 Feudal Age
15:38 Castle Age
13:28 Horse Collar
13:53 Double-Bit Axe
17:20 Wheelbarrow
17:14 Bow Saw
17:55 Heavy Plow
19:55 Stone Mining
20:00 Gold Mining
22:40 Squires
22:26 Arson
22:49 Arson
27:06 Hand Cart
31:19 Murder Holes
35:54 Imperial Age
36:22 Thumb Ring
36:30 Bloodlines
36:21 Husbandry
38:07 Conscription
39:02 Gold Shaft Mining
40:02 Parthian Tactics
40:33 Ballistics
41:22 Chemistry
40:19 Pikeman
41:52 Fletching
42:02 Padded Archer Armor
43:52 Bodkin Arrow
44:13 Leather Archer Armor
44:08 Heavy Cavalry Archer
46:06 Bracer
53:13 Elite Skirmisher
61:37 Nomads
65:27 Siege Engineers
65:53 Scale Barding Armor
65:58 Forging
65:15 Light Cavalry
65:16 Heavy Camel Rider
67:22 Hussar
75:31 Chain Barding Armor
75:47 Iron Casting
77:25 Stone Shaft Mining
78:27 Blast Furnace
78:39 Capped Ram
Cheesepuffs1897
7:02 Loom
10:06 Feudal Age
10:35 Double-Bit Axe
10:33 Horse Collar
14:21 Wheelbarrow
14:06 Gold Mining
18:38 Castle Age
17:39 Fletching
17:50 Padded Archer Armor
19:17 Bodkin Arrow
20:50 Bow Saw
20:59 Leather Archer Armor
21:52 Husbandry
22:25 Bloodlines
22:36 Heavy Plow
24:24 Town Watch
24:55 Hand Cart
27:41 Thumb Ring
27:59 Stone Mining
31:21 Ballistics
30:42 Treadmill Crane
31:48 Scale Barding Armor
31:54 Forging
33:07 Chain Barding Armor
35:25 Iron Casting
37:41 Imperial Age
36:41 Tuntian
37:54 Murder Holes
38:52 Conscription
39:22 Ming Guang Armor
46:57 Bracer
52:24 Chemistry
52:08 Parthian Tactics
59:13 Ring Archer Armor
61:07 Blast Furnace
60:39 Light Cavalry
61:47 Hussar
73:26 Town Patrol
77:47 Elite Tiger Cavalry
Connection lost

Rejoining the realm…

Still unreachable

The connection could not be restored.

Session expired

The server has moved on; the page needs a fresh start.